 Dungeon Crawl Stone Soup version 0.30-a0-424-g7412bad402 (webtiles) character file.

Game seed: 2321466247437672202

18 NinjaNoafa the Sneak (level 2, 0/19 HPs)
             Began as a Gargoyle Delver on Dec 9, 2022.
             Slain by a river rat (5 damage)
             ... on level 3 of the Dungeon.
             The game lasted 00:01:10 (210 turns).

NinjaNoafa the Sneak (Gargoyle Delver)               Turns: 210, Time: 00:01:10

Health: 0/19       AC:  5    Str: 15    XL:     2   Next: 66%
Magic:  2/2        EV: 11    Int: 10    God:
Gold:   26         SH:  0    Dex: 11    Spells: 1/1 levels left

rFire   . . .      SeeInvis .    a - +0 mace
rCold   . . .      Faith    .    (no shield)
rNeg    + . .      Spirit   .    b - +0 leather armour
rPois   ∞          Reflect  .    (no helmet)
rElec   +          Harm     .    (no cloak)
rCorr   .          Rampage  .    (no gloves)
Will    .....                    (no boots)
Stlth   ++........               (no amulet)
HPRegen 0.23/turn                (no ring)
MPRegen 0.08/turn                (no ring)

@: very slow
A: sickness immunity, AC +2, negative energy resistance 1, electricity
resistance, torment resistance 1, petrification resistance
a: no special abilities


You were on level 3 of the Dungeon.
You visited 1 branch of the dungeon, and saw 4 of its levels.

You collected 26 gold pieces.

Inventory:

Hand Weapons
 a - a +0 mace (weapon)
Armour
 b - a +0 leather armour (worn)
Wands
 g - a wand of digging (3)
Scrolls
 c - a scroll of fog
 e - a scroll of fear
 h - a scroll of immolation {unknown}
Potions
 f - a potion of haste
 i - a potion of attraction {unknown}


   Skills:
 + Level 3.5 Fighting
 + Level 2.2 Maces & Flails
 + Level 0.9 Armour
 + Level 1.8 Dodging
 + Level 5.6 Stealth


You had one spell level left.
You didn't know any spells.
Your spell library was empty.

Dungeon Overview and Level Annotations

Branches:
Dungeon (5/15)
 Temple: D:4-7

Altars:

Annotations:
D:4 Blork the orc


Innate Abilities, Weirdness & Mutations

You are immune to sickness and miasma.
Your stone body is resilient. (AC +2)
You are immune to poison.
You resist negative energy. (rN+)
You are resistant to electric shocks. (rElec)
You are resistant to unholy torment.
You are immune to petrification.


Message History

You kill the adder!
You have reached level 2!
You barely miss the worm. The worm bites you.
You barely miss the worm. You barely miss the worm. The worm barely misses you.
You sock the worm!
The worm is heavily wounded.
The worm barely misses you.
You hit the worm.
The worm is severely wounded.
The worm barely misses you.
You hit the worm.
The worm is almost dead.
You hit the worm.
You kill the worm!
You see here an adder corpse.
You enter the shallow water.
Moving in this stuff is going to be slow.
A rat comes into view.
A river rat comes into view.
You hear the slow rusting of a drain.
The rat splashes around in the water.
The rat barely misses you.
The rat splashes around in the water.
The rat bites you but does no damage.
You hit the rat.
You kill the rat!
You hit the river rat but do no damage. The river rat bites you.
You closely miss the river rat.
The river rat bites you but does no damage.
The river rat bites you.
Your unstable footing causes you to fumble your attack.
The river rat closely misses you.
You barely miss the river rat. The river rat barely misses you.
You hit the river rat.
The river rat is moderately wounded.
The river rat barely misses you. The river rat bites you!
* * * LOW HITPOINT WARNING * * *
You hit the river rat.
The river rat is almost dead.
The river rat bites you.
You die...

#...........# #.#
#.....~.....# #.#
#.~.~~~~~$..# #.#
#~~#~#~###### #.#
#~~~~~~~~~# #.#
#########~# #.#
*∩#~~~~~~#####.##
*~#~#~####..#...##
*~#@#~~~~*#......#
*~#r#~##~##.#.>.####
*~#~#~~*~#..........
*~#~##~*~##.##.#####
*~~~#*~#~*#.*#.#
**#~#~~#~##.##'##
####***#..#...##
####.####*##.....##
#.......###.....<.#*


You could see a river rat.

Vanquished Creatures
  An adder (D:3)
  A worm (D:3)
  An orc (D:3)
  An endoplasm (D:3)
  A ball python (D:4)
  A rat (D:3)
6 creatures vanquished.

Notes
Turn   | Place    | Note
-------+----------+-------------------------------------------
     0 | D:5      | NinjaNoafa the Gargoyle Delver began the quest for the Orb.
     0 | D:5      | Reached XP level 1. HP: 14/14 MP: 1/1
     3 | D:5      | Noticed a black bear
    23 | D:4      | Noticed Blork the orc
   182 | D:3      | Reached XP level 2. HP: 16/19 MP: 2/2
   210 | D:3      | Slain by a river rat

Illustrated notes

Levels and vault maps discovered:
D:2:      layout_loops_ring, minivault_14, minmay_misc_feat_more_columns,
          chequers_serial_rivers_micro_a, uniq_terence
D:3:      layout_loops_corners, grunt_qazlal_sundering,
          lightli_sewer_entry_pipes, uniq_sigmund
D:4:      layout_loops_cross, nicolae_vehumet_altar_sigil,
          nicolae_uskayaw_murder_on_the_dancefloor, uniq_blork_the_orc,
          uniq_natasha
D:5:      layout_loops_corners, xom_teletrap_fun, chei_slow_surprise,
          amcnicky_altar_gilded, elyvilon_altar_4

Action                   || total
-------------------------++-------
Melee: Mace              ||    32
  Use: Scroll            ||     1
Armor: Leather armour    ||     7
Dodge: Dodged            ||    32

Table legend: (Time is in decaauts)
 A = Elapsed time spent in this place.
 B = Non-inter-level travel time spent in this place.
 C = Inter-level travel time spent in this place.
 D = Time resting spent in this place.
 E = Time spent auto-exploring this place.
 F = Levels seen in this place.
 G = Mean time per level.
                   A        B        C        D        E       F      G
               +--------+--------+--------+--------+--------+-----+--------+
         Total |    225 |    201 |     24 |      0 |     77 |   4 |   56.2 |
       Dungeon |    225 |    201 |     24 |      0 |     77 |   4 |   56.2 |
               +--------+--------+--------+--------+--------+-----+--------+

Top non-repeatable levels by time:
     D:3: 163 daAuts
     D:4: 52 daAuts
     D:5: 8 daAuts
     D:2: 1 daAuts
